 Dungeon Crawl Stone Soup version 0.19-a0-1882-gbb73ea0 (webtiles) character file.

103 Canardh the Sneak (level 4, -1/21 HPs)
             Began as a Spriggan Enchanter on Oct 7, 2016.
             Was an Initiate of Dithmenos.
             Killed by divine providence
             ... invoked by an orc priest
              (10 damage)
             ... on level 3 of the Dungeon on Oct 14, 2016.
             The game lasted 00:15:10 (4378 turns).

Canardh the Sneak (Spriggan Enchanter)              Turns: 4378, Time: 00:15:10

Health: -1/21      AC:  3    Str:  4    XL:     4   Next: 51%
Magic:  2/10       EV: 18    Int: 17    God:    Dithmenos [......]
Gold:   128        SH:  0    Dex: 16    Spells: 3 memorised, 4 levels left

rFire  . . .     SeeInvis +     i - +4 short sword
rCold  . . .     Gourm    .     b - +1 robe
rNeg   . . .     Faith    .     (shield restricted)
rPois  .         Spirit   .     (helmet restricted)
rElec  .         Dismiss  .     (no cloak)
rCorr  .         Reflect  .     (gloves unavailable)
MR     .....     Harm     .     (boots unavailable)
Stlth  +++.......               (no amulet)
                                (no ring)
                                (no ring)

@: very quick
A: unfitting armour, see invisible, herbivore 3, speed 3, slow metabolism 2
a: Renounce Religion


You were on level 3 of the Dungeon.
You worshipped Dithmenos.
Dithmenos was noncommittal.
You were not hungry.

You visited 1 branch of the dungeon, and saw 3 of its levels.

You collected 128 gold pieces.

Inventory:

Hand Weapons
 a - a +1 dagger
 i - a +4 short sword (weapon)
Armour
 b - a +1 robe (worn)
Wands
 s - a wand of paralysis (8/24)
Scrolls
 g - a scroll of enchant armour {unknown}
 h - a scroll of enchant weapon
 k - a scroll of immolation {unknown}
 l - a scroll of fear {unknown}
 p - a scroll of fog {unknown}
 r - a scroll of magic mapping {unknown}
 t - a scroll of remove curse {unknown}
 u - a scroll of blinking {unknown}
Potions
 e - 2 potions of might
 f - a potion of agility {unknown}
 j - 4 potions of curing
 m - a potion of resistance {unknown}
 n - 3 potions of lignification
 q - 2 potions of flight
Books
 c - a book of Maledictions

   Spells                             Type                      Level
   a - Corona                         Hexes                        1
   b - Ensorcelled Hibernation        Hexes/Ice                    2
   c - Confuse                        Hexes                        3
   d - Tukima's Dance                 Hexes                        3
   e - Dazzling Spray                 Conjuration/Hexes            3
Comestibles
 d - 3 bread rations
 o - a slice of pizza


   Skills:
 + Level 0.1 Fighting
 + Level 1.7 Short Blades
 + Level 3.1 Dodging
 * Level 6.0 Stealth
 + Level 3.5 Spellcasting
 * Level 4.5 Hexes
 - Level 0.5 Ice Magic


You had 4 spell levels left.
You knew the following spells:

 Your Spells              Type           Power        Failure   Level  Hunger
a - Corona                Hex            ###....      2%          1    None
b - Ensorcelled Hibernat  Hex/Ice        ##....       12%         2    ##.....
c - Confuse               Hex            ###.....     10%         3    ###....


Dungeon Overview and Level Annotations

Branches:
Dungeon (3/15)

Altars:
Dithmenos
Yredelemnul


Innate Abilities, Weirdness & Mutations

You are very small and have problems with some larger weapons.
You are too small for most types of armour.
You have supernaturally acute eyesight. (SInv)
You are a herbivore.
You cover ground extremely quickly.
You need consume almost no food.


Message History

Press: ? - help, Shift-Dir - straight line, f/p - orc
Aim: an orc (chance to defeat MR: 66%)
The orc appears confused.
You strike the helpless orc from behind!
You puncture the orc!
You kill the orc!
Dithmenos accepts your kill.
Your Stealth skill increases to level 6!
The orc priest calls down the wrath of Beogh upon you.
Beogh smites you!
Ouch! That really hurt!
Casting: Confuse
Confirm with . or Enter, or press ? or * to list all spells.
Aiming: Confuse
Press: ? - help, Shift-Dir - straight line, f - orc priest
Aim: an orc priest, wielding a war axe (chance to defeat MR: 49%)
The orc priest resists with some effort.
The orc priest calls down the wrath of Beogh upon you.
Beogh smites you!
You die...

#'#. .... ######... ....
###...(.... .#'# .........#
.... ....##.o###..#
.######+#### #.#.###..#..#
...........# #.#..##.....##.
%..........#####....÷o.......[
#........)<).@[o..##.........#
#..........#####.####..._...##
#..........# #..##.........#
##......#### #..............
#.........# ###..##.....##.
#.........# #.###..#..# #
...........# #.# ..###..
####.......# .... ...
#.......# ###. .#.#


You could see an orc priest.

Vanquished Creatures
  An orc priest (D:3)
  A dart slug (D:1)
  4 leopard geckos
  6 orcs
  2 giant cockroaches (D:1)
  6 goblins
  5 hobgoblins (D:1)
  7 jackals
  8 kobolds
  4 bats
  4 frilled lizards (D:1)
  7 rats
55 creatures vanquished.

Notes
Turn   | Place    | Note
-------+----------+-------------------------------------------
     0 | D:1      | Canardh the Spriggan Enchanter began the quest for the Orb.
     0 | D:1      | Reached XP level 1. HP: 9/9 MP: 5/5
   160 | D:1      | Reached XP level 2. HP: 13/13 MP: 6/6
   164 | D:1      | Learned a level 2 spell: Ensorcelled Hibernation
   958 | D:1      | Reached skill level 5 in Stealth
   961 | D:1      | Reached XP level 3. HP: 14/16 MP: 1/8
  1102 | D:1      | Learned a level 3 spell: Confuse
  2081 | D:2      | Found a runed door.
  2081 | D:2      | Noticed a human
  2083 | D:2      | Found a basalt altar of Yredelemnul.
  3381 | D:1      | Upgraded the game from 0.19-a0-1827-g174f941 to 0.19-a0-1882-gbb73ea0
  3691 | D:3      | Found a shadowy altar of Dithmenos.
  4126 | D:2      | Reached XP level 4. HP: 14/21 MP: 5/10
  4238 | D:3      | Became a worshipper of Dithmenos the Shadowed
  4377 | D:3      | Reached skill level 6 in Stealth
  4378 | D:3      | Killed from afar by an orc priest

Vault maps used:
D:1:      dpeg_arrival_yet_another_circle, kennysheep_nondescript
D:2:      dk_yredelemnul_ordeal
D:3:      nicolae_dithmenos_shadow_blocks

Skill      XL: |  1  2  3  4 |
---------------+-------------+-----
Hexes          | 4 |  4.5
Spellcasting   | 3 |  3.5
Stealth        | 5 6 |  6.0
Fighting       | |  0.1
Short Blades   | |  1.7
Dodging        | |  3.1
Ice Magic      | |  0.5

Action                   |  1- 3 |  4- 6 || total
-------------------------+-------+-------++-------
Melee: Dagger            |    56 |       ||    56
       Short sword       |    63 |     7 ||    70
 Cast: Ensorcelled Hiber |    47 |     5 ||    52
       Confuse           |     1 |     2 ||     3
  Use: Scroll            |     5 |       ||     5
 Stab: Sleeping          |    35 |     2 ||    37
       Confused          |       |     1 ||     1
  Eat: Bread ration      |     1 |       ||     1
Armor: Robe              |    21 |     2 ||    23
Dodge: Dodged            |   117 |     7 ||   124
